 Dungeon Crawl Stone Soup version 0.30-a0-305-g026cb31310 (webtiles) character file.

Game seed: 5759792587796744391

126 koil the Sneak (level 4, 0/23 HPs)
             Began as a Spriggan Brigand on Oct 23, 2022.
             Slain by a frilled lizard (2 damage)
             ... in a sewer.
             The game lasted 00:04:04 (2321 turns).

koil the Sneak (Spriggan Brigand)                   Turns: 2321, Time: 00:04:05

Health: 0/23       AC:  3    Str:  7    XL:     4   Next: 84%
Magic:  8/8        EV: 17    Int: 14    God:
Gold:   149        SH:  0    Dex: 16    Spells: 7/7 levels left

rFire   . . .      SeeInvis +    o - +1 short sword (venom)
rCold   . . .      Faith    .    (no shield)
rNeg    . . .      Spirit   .    b - +0 robe
rPois   .          Reflect  .    (helmet restricted)
rElec   .          Harm     .    c - +0 cloak
rCorr   .          Rampage  .    (gloves unavailable)
Will    .....                    (boots unavailable)
Stlth   +++.......               (no amulet)
HPRegen 0.23/turn                (no ring)
MPRegen 0.11/turn                (no ring)

@: very quick
A: very small, no large weapons, unfitting armour, see invisible, speed 3
a: no special abilities


You were in a sewer.
You visited 1 branch of the dungeon, and saw 3 of its levels.
You also visited: Sewer.

You collected 149 gold pieces.

Inventory:

Hand Weapons
 a - a +2 dagger
 o - a +1 short sword of venom (weapon)
Missiles
 d - 22 poisoned darts (quivered)
 e - 3 curare-tipped darts
 p - a throwing net
Armour
 b - a +0 robe (worn)
 c - a +0 cloak (worn)
Jewellery
 f - a ring of positive energy
 i - a ring of ice
 n - an amulet of regeneration
Wands
 q - a wand of flame (15)
Scrolls
 g - 2 scrolls of noise {unknown}
 h - 2 scrolls of torment {unknown}
 j - 5 scrolls of identify {unknown}
 k - 2 scrolls of magic mapping {unknown}
 l - 3 scrolls of teleportation {unknown}
 s - 2 scrolls of enchant armour {unknown}
Potions
 m - a potion of ambrosia {unknown}
 r - a potion of magic {unknown}
 t - a potion of resistance {unknown}
 u - a potion of flight {unknown}
 v - a potion of attraction {unknown}


   Skills:
 + Level 2.2 Fighting
 + Level 3.1 Short Blades
 - Level 2.0 Throwing
 + Level 3.0 Dodging
 + Level 6.7 Stealth
 + Level 2.3 Spellcasting


You had 7 spell levels left.
You didn't know any spells.
Your spell library contained the following spells:

 Spells                   Type           Power      Damage    Failure   Level
 Apportation              Tloc           2%         N/A       24%         1
 Alistair's Intoxication  Tmut/Pois      0%         N/A       100%        5


Dungeon Overview and Level Annotations

Branches:
Dungeon (3/15)              Sewer (1/1)

Altars:
Xom


Innate Abilities, Weirdness & Mutations

You are very small and have problems with some larger weapons.
You are too small for most types of armour.
You have supernaturally acute eyesight. (SInv)
You cover ground extremely quickly. (Speed+++)


Message History

The river rat bites you. The frilled lizard misses you.
The endoplasm closely misses you.
You closely miss the river rat.
The river rat is severely wounded.
The frilled lizard bites you but does no damage.
The river rat misses you.
You hit the river rat but do no damage.
The river rat looks as sick as possible!
The river rat is severely wounded.
The endoplasm hits you but does no damage.
The river rat bites you.
The frilled lizard unfolds its giant frill.
The frilled lizard misses you.
You hit the river rat.
You kill the river rat!
The endoplasm freezes you.
You are frozen.
The frilled lizard misses you.
Your Dodging skill increases to level 3!
You hit the endoplasm.
The endoplasm is severely wounded.
The endoplasm hits you.
* * * LOW HITPOINT WARNING * * *
The endoplasm misses you. The frilled lizard closely misses you.
You hit the endoplasm.
You kill the endoplasm!
The endoplasm misses you.
You hit the endoplasm.
The endoplasm is moderately wounded.
The frilled lizard bites you.
* * * LOW HITPOINT WARNING * * *
You hit the endoplasm.
The endoplasm is severely wounded.
The endoplasm freezes you.
You are frozen.
* * * LOW HITPOINT WARNING * * *
The frilled lizard misses you.
You hit the endoplasm.
You kill the endoplasm!
The frilled lizard bites you.
You die...

#..# # ~.## #~.# #
.~#~ #.~#########
...~. #.~.~.~.~..~
..~.~# #~...~.~....
......#
###########†
~~~~~~.## #. #~.l.#
#~ #.~@## ##.
##~.~### ###.~
#~....#########.~.~
##~.....~~...~...~.
####..~..~†....###
#############


You could see a frilled lizard.

Vanquished Creatures
  2 river rats
  3 adders
  3 worms
  An orc (D:3)
  13 endoplasms
  A giant cockroach (D:3)
  A goblin (D:2)
  4 hobgoblins
  6 kobolds
  4 quokkas
  11 ball pythons
  6 bats
  8 frilled lizards
  12 rats
75 creatures vanquished.

Notes
Turn   | Place    | Note
-------+----------+-------------------------------------------
     0 | D:1      | koil the Spriggan Brigand began the quest for the Orb.
     0 | D:1      | Reached XP level 1. HP: 10/10 MP: 2/2
   251 | D:1      | Reached skill level 6 in Stealth
   255 | D:1      | Reached XP level 2. HP: 15/15 MP: 3/3
   505 | D:1      | Reached skill level 1 in Spellcasting
  1053 | D:2      | Reached XP level 3. HP: 16/18 MP: 5/5
  1573 | D:2      | Found a faded altar of an unknown god.
  1742 | D:3      | Reached XP level 4. HP: 18/23 MP: 7/7
  2124 | D:3      | Found a shimmering altar of Xom.
  2180 | D:3      | Found a glowing drain.
  2231 | Sewer    | Entered a sewer
  2320 | Sewer    | HP: 1/23 [frozen (2)]
  2321 | Sewer    | Slain by a frilled lizard

Illustrated notes

Levels and vault maps discovered:
D:1:      erik_arrival_cave_to_civilisation [erik_arrival_cave_to_hall],
          layout_basic
D:2:      layout_rooms, hellmonk_ecumenical_altar_slurped_away,
          grunt_ministairs_5, chequers_serial_rivers_micro_d
D:3:      layout_rooms, lemuel_coloured_pillars_altar, serial_shops,
          nicolae_lakefront_shop, portal_sewer_entry_b
Sewer:    sewer_hellmonk_slimy_pipes

Skill      XL: |  1  2  3  4 |
---------------+-------------+-----
Stealth        | 6 |  6.7
Dodging        | 2 3 |  3.0
Spellcasting   | 1 2 |  2.3
Fighting       | 2 |  2.2
Short Blades   | 3 |  3.1
Throwing       | |  2.0

Action                   |  1- 3 |  4- 6 || total
-------------------------+-------+-------++-------
Melee: Dagger            |    99 |       ||    99
       Short sword       |    21 |    86 ||   107
       Punch             |     1 |     1 ||     2
Throw: Dart              |     4 |       ||     4
 Stab: Sleeping          |    13 |     9 ||    22
       Distracted        |     1 |       ||     1
Armor: Robe              |    11 |    21 ||    32
Dodge: Dodged            |    80 |    73 ||   153

Table legend: (Time is in decaauts)
 A = Elapsed time spent in this place.
 B = Non-inter-level travel time spent in this place.
 C = Inter-level travel time spent in this place.
 D = Time resting spent in this place.
 E = Time spent auto-exploring this place.
 F = Levels seen in this place.
 G = Mean time per level.
                   A        B        C        D        E       F      G
               +--------+--------+--------+--------+--------+-----+--------+
         Total |   1537 |   1480 |     57 |      0 |   1097 |   4 |  384.2 |
       Dungeon |   1464 |   1407 |     57 |      0 |   1077 |   3 |  488.0 |
         Sewer |     72 |     72 |      0 |      0 |     20 |   1 |   72.0 |
               +--------+--------+--------+--------+--------+-----+--------+

Top non-repeatable levels by time:
     D:1: 653 daAuts
     D:2: 434 daAuts
     D:3: 377 daAuts
   Sewer: 72 daAuts
